 Dungeon Crawl Stone Soup version 0.21.1-1-g345015f (webtiles) character file.

105 toucherabbit the Skirmisher (level 4, -9/37 HPs)
             Began as a Demonspawn Abyssal Knight on Mar 15, 2018.
             Was a Believer of Lugonu.
             Killed by divine providence
             ... invoked by an orc priest
              (13 damage)
             ... on level 4 of the Dungeon.
             The game lasted 00:05:39 (2132 turns).

toucherabbit the Skirmisher (DsAK)                  Turns: 2132, Time: 00:05:39

Health: -9/37      AC:  3    Str: 11 (13) XL:     4   Next: 54%
Magic:  2/5        EV: 11    Int: 12 (14) God:    Lugonu [**....]
Gold:   225        SH:  0    Dex: 10 (12) Spells: 0/3 levels left

rFire    . . .     SeeInvis .   a - +1 hand axe
rCold    . . .     Gourm    .   (no shield)
rNeg     . . .     Faith    .   b - +0 leather armour
rPois    .         Spirit   .   (helmet restricted)
rElec    .         Reflect  .   (no cloak)
rCorr    .         Harm     .   (no gloves)
MR       .....                  (no boots)
Stlth    +.........             (no amulet)
HPRegen  0.12/turn              f - ring of wizardry
MPRegen  0.09/turn              (no ring)

@: no status effects
A: horns 1, powered by death 1
a: Depart the Abyss, Bend Space, Renounce Religion


You were on level 4 of the Dungeon.
You worshipped Lugonu.
Lugonu was pleased with you.
You were very hungry.

You visited 1 branch of the dungeon, and saw 4 of its levels.
You visited the Abyss 1 time.

You collected 225 gold pieces.

Inventory:

Hand Weapons
 a - a +1 hand axe (weapon)
Armour
 b - a +0 leather armour (worn)
 d - a +0 chain mail
Jewellery
 f - a ring of wizardry (left hand)
Wands
 r - a wand of iceblast (10)
Scrolls
 h - a scroll of blinking {unknown}
 j - 2 scrolls of teleportation {unknown}
 k - 2 scrolls of enchant armour {unknown}
 q - 4 scrolls of identify {unknown}
 s - a scroll of fog {unknown}
Potions
 e - 2 potions of might
 g - a potion of invisibility {unknown}
 i - a potion of degeneration
 o - a potion of flight {unknown}
Books
 p - a book of Misfortune

   Spells                             Type                      Level
   a - Confusing Touch                Hexes                        1
   b - Confuse                        Hexes                        3
   c - Gell's Gravitas                Translocation                3
   d - Petrify                        Transmutation/Earth          4
   e - Metabolic Englaciation         Hexes/Ice                    5
   f - Yara's Violent Unravelling     Hexes/Transmutation          5
Comestibles
 c - 5 rations


   Skills:
 + Level 3.9 Fighting
 + Level 3.0 Axes
 + Level 2.4 Armour
 + Level 1.3 Dodging
 + Level 2.5 Invocations


You couldn't memorise any spells.
You knew the following spells:

 Your Spells              Type           Power        Failure   Level  Hunger
a - Confuse               Hex            #.......     45%         3    ####...


Dungeon Overview and Level Annotations

Branches:
Dungeon (4/15)             Temple (0/1) D:4

Altars:
Gozag


Innate Abilities, Weirdness & Mutations

You have a pair of small horns on your head.
You regenerate a little health from kills.


Message History

The orc wizard closely misses you. The orc hits you with a hand axe.
* * * LOW HITPOINT WARNING * * *
You aren't in the Abyss!
You fail to use your ability.
The orc priest misses you. The orc wizard closely misses you.
The orc hits you with a hand axe.
* * * LOW HITPOINT WARNING * * *
Unknown command.
Space bends around you!
You blink.
You feel better.
The orc priest looks encouraged for a moment.
The orc throws a tomahawk.
The tomahawk closely misses you.
The orc priest mumbles some strange prayers to Beogh against you.
Pain shoots through your body!
* * * LOW HITPOINT WARNING * * *
You start to feel less resistant.
There is a stone staircase leading down here.
Your resistance to elements expires.
The orc priest invokes the aid of Beogh against you.
Beogh smites you!
You die...

###o#(.# #.ยง....# ###
#.#....# #.# ##'####.#
#.##### ........#
#.#...#
...o....####.##..#
........#(.#.##..#
.......##..o...o>#
...o...##.o####.@######
..(.o..##..# #..##...#
.......##..####..##<#.#
...[...##o....#[.####.+
#...........#........##
#...........'..8>8##.#
#...........#..#.....##.
#############.....#.....
#############.....+.....


You could see an orc priest and an orc.

Vanquished Creatures
  3 adders
  An ooze (D:3)
  4 worms
  2 leopard geckos
  3 orcs
  A ball python (D:2)
  5 bats
  A giant cockroach (D:3)
  6 goblins
  8 hobgoblins
  2 jackals (D:1)
  8 kobolds
  A ball python skeleton (D:4)
  5 frilled lizards
  7 rats
57 creatures vanquished.

Notes
Turn   | Place    | Note
-------+----------+-------------------------------------------
     0 | Abyss:1  | toucherabbit the Demonspawn Abyssal Knight began the quest for the Orb.
     0 | Abyss:1  | Reached XP level 1. HP: 18/18 MP: 2/2
    89 | Abyss:1  | Noticed a small abomination
    97 | D:1      | Escaped the Abyss
   173 | D:1      | Reached * piety under Lugonu
   196 | D:1      | Gained mutation: You have a pair of small horns on your head. [demonic ancestry]
   196 | D:1      | Reached XP level 2. HP: 19/24 MP: 3/3
   296 | D:1      | Reached skill level 1 in Dodging
   509 | D:2      | Gained mutation: You regenerate a little health from kills. [demonic ancestry]
   509 | D:2      | Reached XP level 3. HP: 25/30 MP: 4/4
   669 | D:2      | Reached ** piety under Lugonu
  1074 | D:2      | Reached XP level 4. HP: 37/37 MP: 5/5
  1737 | D:3      | Learned a level 3 spell: Confuse
  1927 | D:4      | Found a staircase to the Ecumenical Temple.
  1982 | D:4      | Found an opulent altar of Gozag.
  2108 | D:4      | HP: 1/37 [orc/hand axe (4)]
  2132 | D:4      | Killed from afar by an orc priest

Skill      XL: |  1  2  3  4 |
---------------+-------------+-----
Armour         | 2 |  2.4
Dodging        | 1 |  1.3
Axes           | 2 3 |  3.0
Fighting       | |  3.9
Invocations    | |  2.5

Action                   |  1- 3 |  4- 6 || total
-------------------------+-------+-------++-------
Melee: Hand axe          |   114 |    67 ||   181
       Headbutt          |     9 |    11 ||    20
 Cast: Confuse           |       |     1 ||     1
Invok: Depart the Abyss  |     1 |       ||     1
       Bend Space        |       |     1 ||     1
  Use: Potion            |     1 |     6 ||     7
  Eat: Chunk             |       |     3 ||     3
Armor: Chain mail        |   112 |    36 ||   148
       Leather armour    |     1 |     2 ||     3
Dodge: Dodged            |    45 |    29 ||    74
